 Dungeon Crawl Stone Soup version 0.32-a0-995-gb4a59205af (webtiles) character file.

Game seed: 14839550665636024315

198 glaedl the Shooter (level 5, -1/46 HPs)
             Began as a Draconian Hunter on Apr 22, 2024.
             Succumbed to a kobold brigand's curare-tipped dart
             ... on level 4 of the Dungeon.
             The game lasted 00:05:51 (2394 turns).

glaedl the Shooter (Draconian Hunter)               Turns: 2394, Time: 00:05:52

Health: -1/46      AC:  6    Str: 13    XL:     5   Next: 47%
Magic:  5/5        EV: 16    Int:  9    God:
Gold:   171        SH:  0    Dex: 17    Spells: 4/4 levels left

rFire   . . .        a - +0 shortbow
rCold   . . .        (shield currently unavailable)
rNeg    . . .        (body armour unavailable)
rPois   .            (helmet restricted)
rElec   .            (no cloak)
rCorr   +            n - +0 pair of gloves
SInv    .            (no boots)
Will    .....        (no amulet)
Stlth   ++           e - +5 ring of evasion
HPRegen 0.27/turn    g - ring of resist corrosion
MPRegen 0.09/turn

%: no passive effects
@: lethally poisoned (-1 -> -21), slowed, very slow
A: AC +5, unfitting armour, cold-blooded
a: no special abilities


You were on level 4 of the Dungeon.
You visited 1 branch of the dungeon, and saw 4 of its levels.

You collected 171 gold pieces.

Inventory:

Hand Weapons
 a - a +0 shortbow (weapon)
Armour
 n - a +0 pair of gloves (worn)
Jewellery
 e - a +5 ring of evasion (left hand)
 g - a ring of resist corrosion (right hand)
 j - an amulet of magic regeneration
 k - a ring of wizardry
 m - a ring of protection from cold
Scrolls
 b - a scroll of butterflies
 d - a scroll of poison {unknown}
 f - 2 scrolls of blinking {unknown}
 h - a scroll of identify
 i - 2 scrolls of fog {unknown}
 p - a scroll of enchant weapon {unknown}
Potions
 c - a potion of berserk rage {unknown}
 l - a potion of ambrosia {unknown}
 o - a potion of attraction {unknown}


   Skills:
 - Level 4.0 Fighting
 - Level 5.0 Ranged Weapons
 - Level 1.7 Dodging
 + Level 2.5 Stealth


You had 4 spell levels left.
You didn't know any spells.
Your spell library contained the following spells:

 Spells                   Type           Power      Damage    Failure   Level
 Lesser Beckoning         Tloc           0%         N/A       52%         2
 Maxwell's Portable Pile  Tloc           0%         2d(5-13)  77%         3
 Teleport Other           Tloc           0%         N/A       77%         3
 Brom's Barrelling Bould  Conj/Erth      0%         2d3       99%         4
 Fireball                 Conj/Fire      0%         3d3       100%        5
 Iskenderun's Battlesphe  Conj           0%         2d6       100%        5
 Conjure Ball Lightning   Conj/Air       0%         3x3d6     100%        6
 Orb of Destruction       Conj           0%         9d5       100%        7


Dungeon Overview and Level Annotations

Branches:
Dungeon (4/15)
 Temple: D:4-7

Altars:

Annotations:
D:3 3 runed translucent doors, Anchor's ghost, weakling CoDe


Innate Abilities, Weirdness & Mutations

Your plain brown scales are hard. (AC +5)
You cannot fit into any form of body armour.
You are cold-blooded and may be slowed by cold attacks.


Message History

The slug dart hits you.
You shoot an arrow. The arrow hits the dart slug.
The dart slug is lightly wounded.
You shoot an arrow. The arrow hits the dart slug!
The dart slug is almost dead.
You shoot an arrow. The arrow hits the dart slug!
You kill the dart slug!
No target in view!
No target in view!
A kobold brigand comes into view.
It is wielding a +0 short sword and quivering curare-tipped darts.
You shoot an arrow. The kobold brigand shouts!
The arrow hits the kobold brigand but does no damage.
The kobold brigand throws a curare-tipped dart.
The curare-tipped dart hits you.
You are poisoned.
You have difficulty breathing.
You feel yourself slow down.
You shoot an arrow. The arrow hits the kobold brigand.
The kobold brigand is moderately wounded.
You feel very sick.
You feel very sick.
The kobold brigand throws a curare-tipped dart.
The curare-tipped dart barely misses you.
You feel sick.
You feel sick.
The kobold brigand throws a curare-tipped dart.
The curare-tipped dart hits you.
You are more poisoned.
You have difficulty breathing.
You feel as though you will be slow longer.
There is an open door here.
You feel very sick.
The kobold brigand throws a curare-tipped dart.
The curare-tipped dart hits you.
You are lethally poisoned!
You have difficulty breathing.
You feel as though you will be slow longer.
* * * LOW HITPOINT WARNING * * *
You feel extremely sick.
You die...

#########
#.......#
#>......#
#.......#
####..######
#<@....## #######
####....##....[..
####'#...#.......
#......#.........
#......##........
+.........†......
#....K####...)...
####... .......
###.# ###...w


There were no monsters in sight!

Vanquished Creatures
  A bombardier beetle (D:3)
  An orc priest (D:3)
  Jessica (D:3)
  3 adders
  A white imp (D:3)
  A dart slug (D:4)
  A ribbon worm (D:3)
  7 orcs
  6 ball pythons
  3 endoplasms
  3 giant cockroaches
  8 goblins
  6 hobgoblins
  3 quokkas
  4 bats
  5 frilled lizards
  9 kobolds
  6 rats
69 creatures vanquished.

Notes
Turn   | Place    | Note
-------+----------+-------------------------------------------
     0 | D:1      | glaedl the Draconian Hunter began the quest for the Orb.
     0 | D:1      | Reached XP level 1. HP: 17/17 MP: 1/1
    34 | D:1      | Reached skill level 1 in Stealth
    83 | D:1      | Reached XP level 2. HP: 24/24 MP: 2/2
   301 | D:1      | Reached skill level 4 in Ranged Weapons
   563 | D:2      | Reached XP level 3. HP: 29/29 MP: 3/3
  1420 | D:3      | Reached XP level 4. HP: 27/36 MP: 4/4
  1507 | D:3      | Found a faded altar of an unknown god.
  1538 | D:3      | Found a runed translucent gate.
  1538 | D:3      | Found a runed translucent gate.
  1538 | D:3      | Found a runed translucent gate.
  1539 | D:3      | Noticed Anchor's ghost (weakling CoDe)
  1616 | D:3      | Reached skill level 5 in Ranged Weapons
  1805 | D:3      | Reached XP level 5. HP: 31/45 MP: 5/5
  2151 | D:3      | Noticed Jessica
  2157 | D:3      | Killed Jessica
  2394 | D:4      | Succumbed to a kobold brigand's curare-tipped dart

Illustrated notes

Levels and vault maps discovered:
D:1:      dpeg_arrival_more_subterranean_lakeside_camping, layout_rooms
D:2:      layout_loops_ring, kennysheep_generic_room_7
D:3:      layout_loops_ring, hellmonk_ecumenical_altar_arch_garden,
          gammafunk_ghost_split, uniq_jessica
D:4:      layout_basic, mainiacjoe_overflow_surrounded_room,
          minmay_temple_entry_trees, uniq_eustachio

Skill      XL: |  1  2  3  4  5 |
---------------+----------------+-----
Stealth        | 1 2 |  2.5
Ranged Weapons | 4 5 |  5.0
Fighting       | 3 4 |  4.0
Dodging        | |  1.7

Action                     |  1- 3 |  4- 6 || total
---------------------------+-------+-------++-------
   Fire: Shortbow          |   144 |   117 ||   261
    Use: Potion            |     2 |     1 ||     3
         Scroll            |     1 |       ||     1
 Armour: Skin              |    30 |    21 ||    51
  Dodge: Dodged            |    40 |    27 ||    67

Table legend: (Time is in decaauts)
 A = Elapsed time spent in this place.
 B = Non-inter-level travel time spent in this place.
 C = Inter-level travel time spent in this place.
 D = Time resting spent in this place.
 E = Time spent auto-exploring this place.
 F = Levels seen in this place.
 G = Mean time per level.
                   A        B        C        D        E       F      G
               +--------+--------+--------+--------+--------+-----+--------+
         Total |   2442 |   2337 |    105 |     35 |   1818 |   4 |  610.5 |
       Dungeon |   2442 |   2337 |    105 |     35 |   1818 |   4 |  610.5 |
               +--------+--------+--------+--------+--------+-----+--------+

Top non-repeatable levels by time:
     D:3: 1051 daAuts
     D:2: 812 daAuts
     D:1: 509 daAuts
     D:4: 68 daAuts
